 Dungeon Crawl Stone Soup version 0.19.3-1-g3169bf9 (console) character file.

3023 Kloppie the Cleaver (level 10, 0/82 HPs)
             Began as a Formicid Berserker on Jan 25, 2017.
             Was a Priest of Trog.
             Slain by a soldier ant (7 damage)
             ... on level 8 of the Dungeon.
             The game lasted 00:11:33 (7410 turns).

Kloppie the Cleaver (Formicid Berserker)            Turns: 7410, Time: 00:11:34

Health: 0/82       AC: 13    Str: 24    XL:     10   Next: 10%
Magic:  10/10      EV:  9    Int:  8    God:    Trog [***...]
Gold:   519        SH:  0    Dex: 13    Spells: 0 memorised, 9 levels left

rFire  + . .     SeeInvis +     b - +0 war axe
rCold  . . .     Gourm    .     y - +0 chain mail
rNeg   . . .     Faith    .     (no shield)
rPois  .         Spirit   .     (helmet unavailable)
rElec  +         Reflect  .     (no cloak)
rCorr  .         Harm     .     (no gloves)
MR     +++..                    k - +2 pair of boots
Stlth  ..........               (no amulet)
                                (no ring)
                                h - +3 ring of strength

@: very slightly contaminated, regenerating, invisible
A: permanent stasis, dig shafts and tunnels, four strong arms, antennae 3,
talons 1, fire resistance 1, electricity resistance, wild magic 1, MP-powered
wands
a: Dig, Shaft Self, Trog's Hand, Burn Spellbooks, Renounce Religion


You were on level 8 of the Dungeon.
You worshipped Trog.
Trog was most pleased with you.
You were hungry.

You visited 1 branch of the dungeon, and saw 8 of its levels.

You collected 519 gold pieces.

Inventory:

Hand Weapons
 a - a +0 hand axe
 b - a +0 war axe (weapon)
 z - a +0 broad axe
Armour
 k - a +2 pair of boots (worn)
 y - a +0 chain mail (worn)
Jewellery
 e - an uncursed ring of magical power
 h - a +3 ring of strength (left hand)
Wands
 d - a wand of random effects (28/48)
 g - a wand of lightning (6/15)
 v - a wand of acid (6/15)
 w - a wand of acid (11/15)
 A - a wand of iceblast (9/15)
Scrolls
 f - a scroll of recharging
 p - 4 scrolls of remove curse
 x - a scroll of immolation {unknown}
Potions
 i - a potion of brilliance
 m - a potion of flight
 s - 2 potions of cancellation {unknown}
 u - a potion of ambrosia {unknown}
Comestibles
 c - 6 bread rations
 l - 7 fruits
 n - a royal jelly
 o - 2 beef jerkies
 r - 5 chunks of flesh
 t - 5 meat rations


   Skills:
 - Level 8.4 Fighting
 + Level 10.0 Axes
 + Level 7.2 Armour
 - Level 1.7 Dodging


You had 9 spell levels left.
You didn't know any spells.

Dungeon Overview and Level Annotations

Branches:
Dungeon (8/15)             Temple (0/1) D:4
   Lair: D:8-11

Altars:
Ashenzari
Cheibriados
Dithmenos
Fedhas
Gozag
Makhleb
Qazlal
Sif Muna
Vehumet
Xom
Yredelemnul
The Shining One

Shops:
D:4 %


Innate Abilities, Weirdness & Mutations

You are under a permanent stasis effect.
You can dig through walls and to a lower floor.
Your four strong arms can wield two-handed weapons with a shield.
You have a pair of large antennae on your head. (SInv)
You have sharp toenails.
Your flesh is heat resistant. (rF+)
You are resistant to electric shocks. (rElec)
Your spells are a little harder to cast, but a little more powerful.
You expend magic power (3 MP) to strengthen your wands.


Message History

You hit the soldier ant but do no damage.
The soldier ant stings you but does no damage.
It was a potion of invisibility.
You fade into invisibility!
The soldier ant stings you but does no damage.
You are very lightly contaminated with residual magic.
You closely miss the soldier ant. The soldier ant stings you.
* * * LOW HITPOINT WARNING * * *
You strike the helpless soldier ant from behind!
You hit the soldier ant but do no damage.
You feel the effects of Trog's Hand fading.
The soldier ant barely misses you.
You are feeling hungry.
You hit the soldier ant but do no damage.
The soldier ant stings you.
* * * LOW HITPOINT WARNING * * *
You slash the soldier ant!
The soldier ant is moderately wounded.
The soldier ant stings you!
You die...

## .. #a#
###.###.#
##†#.##.#....
#.#a##......
#@#†#..#.#
###.###....#..
#............#
##.#..<..#.####.
#.#.##)[#......
#.#...÷)..#
#......)##....>
######.## ....
#.# ...


You could see a soldier ant.

Vanquished Creatures
  Pikel (D:5)
  2 hornets (D:8)
  2 slaves (D:4)
  2 ice beasts (D:6)
  An orc warrior (D:7)
  A sky beast (D:7)
  A phantom (D:6)
  3 ogres
  2 centaurs
  A bullfrog (D:6)
  3 scorpions
  2 howler monkeys
  2 crimson imps
  A jelly (D:6)
  6 hounds
  3 orc priests
  A centaur skeleton (D:7)
  4 orc wizards
  Jessica (D:3)
  Natasha (D:3)
  7 worker ants
  2 hound skeletons (D:6)
  A worker ant zombie (D:8)
  10 adders
  8 gnolls
  An ooze (D:1)
  2 adder skeletons
  5 worms
  3 dart slugs
  7 leopard geckos
  15 orcs
  A ball python (D:1)
  8 giant cockroaches
  2 gnoll zombies (D:7)
  8 goblins
  6 hobgoblins
  5 jackals
  4 kobolds
  A quokka (D:6)
  5 bats
  6 frilled lizards
  A leopard gecko skeleton (D:5)
  7 rats
155 creatures vanquished.

Notes
Turn   | Place    | Note
-------+----------+-------------------------------------------
     0 | D:1      | Kloppie the Formicid Berserker began the quest for the Orb.
     0 | D:1      | Reached XP level 1. HP: 18/18 MP: 1/1
   176 | D:1      | Reached XP level 2. HP: 15/24 MP: 2/2
   681 | D:1      | Reached XP level 3. HP: 19/30 MP: 3/3
   963 | D:2      | Found a radiant altar of Vehumet.
   996 | D:2      | Found an opulent altar of Gozag.
  1070 | D:2      | Found a burning altar of Makhleb.
  1428 | D:2      | Reached XP level 4. HP: 20/37 MP: 4/4
  1788 | D:2      | Reached skill level 4 in Axes
  1979 | D:2      | Found a glowing golden altar of the Shining One.
  2199 | D:2      | Reached ** piety under Trog
  2352 | D:3      | Reached XP level 5. HP: 31/43 MP: 5/5
  2361 | D:3      | Noticed Jessica
  2373 | D:3      | Killed Jessica
  2373 | D:3      | Reached skill level 5 in Fighting
  2388 | D:3      | Noticed Natasha
  2553 | D:2      | Gained mutation: You expend magic power (3 MP) to strengthen your wands. [potion of mutation]
  2553 | D:2      | Gained mutation: Your spells are a little harder to cast, but a little more powerful. [potion of mutation]
  2554 | D:2      | Gained mutation: You have sharp toenails. [potion of mutation]
  2554 | D:2      | Gained mutation: Your flesh is heat resistant. (rF+) [potion of mutation]
  2554 | D:2      | Gained mutation: You are resistant to electric shocks. (rElec) [potion of mutation]
  2586 | D:3      | Killed Natasha
  2817 | D:3      | Reached XP level 6. HP: 41/51 MP: 6/6
  2877 | D:3      | Found a shadowy altar of Dithmenos.
  2942 | D:3      | Found a snail-covered altar of Cheibriados.
  2951 | D:3      | Reached skill level 5 in Axes
  3147 | D:3      | Found a stormy altar of Qazlal.
  3147 | D:3      | Found a shimmering altar of Xom.
  3171 | D:4      | Found Seliwy's Food Shop.
  3291 | D:4      | Found a staircase to the Ecumenical Temple.
  3663 | D:4      | Reached XP level 7. HP: 5/58 MP: 7/7
  4230 | D:4      | Reached skill level 6 in Axes
  4316 | D:4      | Found a snail-covered altar of Cheibriados.
  4450 | D:5      | Entered Level 5 of the Dungeon
  4536 | D:5      | Found a shattered altar of Ashenzari.
  4572 | D:5      | Found a blossoming altar of Fedhas.
  4669 | D:5      | Reached XP level 8. HP: 14/67 MP: 8/8
  5192 | D:4      | Reached *** piety under Trog
  5540 | D:5      | Noticed Pikel
  5579 | D:5      | Killed Pikel
  5579 | D:5      | Reached skill level 7 in Axes
  5744 | D:6      | Reached skill level 8 in Axes
  5945 | D:6      | Reached XP level 9. HP: 73/75 MP: 9/9
  6470 | D:6      | Reached skill level 5 in Armour
  6643 | D:6      | Noticed a hippogriff
  6643 | D:6      | Noticed a brown ugly thing
  6651 | D:7      | Reached skill level 9 in Axes
  7216 | D:7      | Found a basalt altar of Yredelemnul.
  7300 | D:7      | Found a deep blue altar of Sif Muna.
  7379 | D:8      | Noticed a hornet
  7385 | D:8      | Killed a hornet
  7385 | D:8      | Reached XP level 10. HP: 68/82 MP: 10/10
  7400 | D:8      | HP: 3/82 [hornet (9)]
  7403 | D:8      | Reached skill level 10 in Axes
  7410 | D:8      | Slain by a soldier ant

Skill      XL: |  1  2  3  4  5  6  7  8  9 10 |
---------------+-------------------------------+-----
Fighting       | 4 5 6 7 8 |  8.4
Axes           | 4 5 6 8 9 10 | 10.0
Armour         | 6 7 |  7.2
Dodging        | |  1.7

Action                   |  1- 3 |  4- 6 |  7- 9 | 10-12 || total
-------------------------+-------+-------+-------+-------++-------
Melee: Hand axe          |    89 |   221 |   244 |       ||   554
       Kick              |       |    13 |       |       ||    13
       War axe           |       |       |   140 |    20 ||   160
Invok: Trog's Hand       |       |     3 |     3 |     1 ||     7
 Abil: Dig               |       |     1 |       |       ||     1
Evoke: Wand              |       |       |     4 |       ||     4
  Use: Scroll            |       |     4 |     9 |       ||    13
       Potion            |       |     3 |     2 |     3 ||     8
 Stab: Sleeping          |       |     1 |       |       ||     1
       Invisible         |       |       |       |     1 ||     1
  Eat: Chunk             |     2 |     6 |    14 |       ||    22
       Beef jerky        |       |     1 |       |       ||     1
Armor: Animal skin       |    10 |    14 |       |       ||    24
       Scale mail        |       |    53 |   147 |       ||   200
       Chain mail        |       |       |    31 |     8 ||    39
Dodge: Dodged            |    66 |   122 |   165 |     8 ||   361
